cohdb
Replays
Latest Replays
All Replays
Popular Replays
Top Player Replays
Match Explorer
How It Works
Community
CoH3 Stats
Reddit
Sign in to upload your games and track your stats! →
Sign in with Steam
Match 43959047
Unlisted
Match 43959047
Overview
Messages
Build Orders
End
Vickers Machine Gun Team
Construct Section Command Post
Infantry Section
Infantry Section
Construct Platoon Command Post
Humber Armored Car
CMP 15cwt Truck
6-pounder Anti-tank Gun Team
6-pounder Anti-tank Gun Team
Unlock M3 Stuart Light Tanks
Construct Field Infirmary
Selects Indian Artillery Battlegroup
Selects Artillery Saturation
Selects Off-map Airburst Barrage
Selects BL5.5 Artillery Emplacement
Team Weapon Training
Off-map Airburst Barrage
M3 Stuart Light Tank
Off-map Airburst Barrage
Off-map Airburst Barrage
Construct Company Command Post
Off-map Airburst Barrage
Foot Guards Section
Off-map Airburst Barrage
Off-map Airburst Barrage
BAOBAB
HeroSandwich
Mpeezy
.w3rd.
荒喃
Maiti
cannot compute
meuqsaco
0
0
Comments
sign in to comment!
No comments posted yet!